 Seeded DCSS version 0.30-a0-743-gbfdf073431 (webtiles) character file.

Game seed: 5430720872467839093 (custom seed)

130 hbarley the Chopper (level 5, 46/46 HPs)
             Began as a Hill Orc Fighter on Feb 7, 2023.
             Quit the game on level 2 of the Dungeon.
             The game lasted 00:03:55 (1764 turns).

hbarley the Chopper (Hill Orc Fighter)              Turns: 1764, Time: 00:03:56

Health: 46/46      AC:  7    Str: 25    XL:     5   Next: 14%
Magic:  5/5        EV:  9    Int:  8    God:
Gold:   13         SH:  4    Dex: 12    Spells: 4/4 levels left

rFire   . . .      SeeInvis .    a - +0 war axe
rCold   . . .      Faith    .    c - +0 buckler
rNeg    + . .      Spirit   .    b - +0 scale mail
rPois   +          Reflect  .    (no helmet)
rElec   .          Harm     .    (no cloak)
rCorr   +          Rampage  .    u - -1 pair of gloves of Responsibility {-Tele rN+ rCorr Slay+2}
Will    .....      NoTele   +    (no boots) Stlth
                                 t - amulet "Qefeam" {+Inv rPois Regen+}
HPRegen 1.07/turn                m - +6 ring of strength
MPRegen 0.09/turn                (no ring)

@: studying Fighting
A: no striking features
a: Evoke Invisibility


You were on level 2 of the Dungeon.
You visited 1 branch of the dungeon, and saw 2 of its levels.

You collected 69 gold pieces.
You spent 56 gold pieces at shops.

Inventory:

Hand Weapons
 a - a +0 war axe (weapon)
Armour
 b - a +0 scale mail (worn)
 c - a +0 buckler (worn)
 u - the -1 pair of gloves of Responsibility (worn) {-Tele rN+ rCorr Slay+2}
   (You acquired it on level 2 of the Dungeon)

   Slay:      It affects your accuracy & damage with ranged weapons and melee
   (+2).
   rN:        It protects you from negative energy.
   -Tele:     It prevents most forms of teleportation.
   rCorr:     It protects you from acid and corrosion.
Jewellery
 m - a +6 ring of strength (left hand)
 q - a ring of protection from cold
 t - the amulet "Qefeam" (around neck) {+Inv rPois Regen+}
   (You acquired it on level 2 of the Dungeon)

   [amulet of regeneration]

   rPois:     It protects you from poison.
   +Inv:      It lets you turn invisible.
   Regen:     It increases your rate of health regeneration.
Scrolls
 f - a scroll of torment {unknown}
 g - 3 scrolls of amnesia {unknown}
 h - 3 scrolls of identify
 i - a scroll of noise {unknown}
 l - a scroll of teleportation {unknown}
 n - a scroll of brand weapon {unknown}
 o - a scroll of fog {unknown}
 p - a scroll of immolation {unknown}
 r - a scroll of enchant armour {unknown}
 s - a scroll of acquirement
Potions
 d - a potion of might
 e - a potion of mutation {unknown}
 j - a potion of attraction {unknown}
 k - 2 potions of curing {unknown}


   Skills:
 + Level 4.2 Fighting
 + Level 4.7 Axes
 + Level 4.4 Armour
 + Level 0.2 Dodging
 + Level 3.7 Shields


You had 4 spell levels left.
You didn't know any spells.
Your spell library was empty.

Dungeon Overview and Level Annotations

Branches:
Dungeon (2/15)

Altars:

Shops:
D:2 ?


Message History

The bat hits you but does no damage. You block the bat's attack.
You miss the bat. The bat hits you but does no damage.
The bat hits you but does no damage. You block the bat's attack.
You hit the bat.
You kill the bat!
Found a dagger.
Found 2 stones.
You now have 69 gold pieces (gained 15).
A goblin comes into view. It is wielding a +0 club.
The goblin shouts!
A goblin is nearby!
You block the goblin's attack.
You slash the goblin!
You kill the goblin!
Things that are here:
a +0 club; a goblin corpse
s - 4 scrolls labelled ICHANW HIUVOTE (gained 3)
You see here 2 stones.
Done exploring.
Done exploring.
There is an entrance to Doddoiw's Magic Scroll Shoppe here.
h - 2 scrolls of identify (gained 1);
h - 3 scrolls of identify (gained 1) Thank you for shopping at Doddoiw's Magic Scroll Shoppe!
This is a scroll of acquirement!
Something appears at your feet!
t - the amulet "Qefeam" {+Inv rPois Regen+} You start putting on your amulet.
You continue putting on the amulet "Qefeam" {+Inv rPois Regen+}. x5
You finish putting on the amulet "Qefeam" {+Inv rPois Regen+}.
The amulet "Qefeam" throbs as it attunes itself to your uninjured body.
t - the amulet "Qefeam" (around neck) {+Inv rPois Regen+} Something appears at your feet!
u - the -1 pair of gloves of Responsibility {-Tele rN+ rCorr Slay+2} You start putting on your armour.
You continue putting on the -1 pair of gloves of Responsibility {-Tele rN+ rCorr Slay+2}. x4
You finish putting on the -1 pair of gloves of Responsibility {-Tele rN+ rCorr Slay+2}.
You see here a manual of Fighting.
Something appears at your feet!
You pick up a manual of Fighting and begin studying.
Are you sure you want to abandon this character and quit the game? (Confirm with "yes".)

.........................#
..######.###..####.......##
#.# #.###....##.#.#....#
#.# #...........#.###..#
#.# #####..#.####.# #..#
#.# #..#.# #.# #..#
#.##########..#.## #.# #..#
#..........#..#..###.#
#..#######
......####......@....#
#.........
#####..........#######
##.####### #..........# #.#
#.########.# #.# #####.#
#.##########.# ......#
#............# #######
##############


There were no monsters in sight!

Vanquished Creatures
  A necrophage (D:2)
  3 gnolls (D:2)
  An adder (D:2)
  3 bats
  5 endoplasms
  2 hobgoblins
  4 jackals (D:1)
  5 kobolds
  2 quokkas (D:1)
  2 ball pythons (D:1)
  A frilled lizard (D:2)
  4 goblins
  A rat (D:1)
34 creatures vanquished.

Notes
Turn   | Place    | Note
-------+----------+-------------------------------------------
     0 | D:1      | hbarley the Hill Orc Fighter began the quest for the Orb.
     0 | D:1      | Reached XP level 1. HP: 19/19 MP: 1/1
    63 | D:1      | Reached XP level 2. HP: 23/27 MP: 2/2
   844 | D:1      | Reached XP level 3. HP: 33/33 MP: 3/3
  1093 | D:2      | Found Doddoiw's Magic Scroll Shoppe.
  1190 | D:2      | Noticed a necrophage
  1198 | D:2      | Killed a necrophage
  1199 | D:2      | Reached XP level 4. HP: 31/40 MP: 4/4
  1361 | D:2      | Reached XP level 5. HP: 13/46 MP: 5/5
  1748 | D:2      | Bought a scroll of identify for 28 gold pieces
  1748 | D:2      | Bought a scroll of identify for 28 gold pieces
  1748 | D:2      | Identified 4 scrolls of acquirement
  1748 | D:2      | Acquired the amulet "Qefeam" {+Inv rPois Regen+}
  1755 | D:2      | Acquired the -1 pair of gloves of Responsibility {-Tele rN+
                  | rCorr Slay+2}
  1762 | D:2      | Acquired a manual of Fighting
  1764 | D:2      | Quit the game

Illustrated notes

Levels and vault maps discovered:
D:1:      dpeg_arrival_boxes_within_box, layout_basic
D:2:      layout_loops_ring, serial_shops, shop, nicolae_kite_square_tiling_tiny

Skill      XL: |  1  2  3 |
---------------+----------+-----
Axes           | 3 4 |  4.7
Fighting       | 4 |  4.2
Armour         | 4 |  4.4
Dodging        | |  0.2
Shields        | |  3.7

Action                     |  1- 3 |  4- 6 || total
---------------------------+-------+-------++-------
  Melee: War axe           |    55 |    31 ||    86
    Use: Scroll            |       |     3 ||     3
 Armour: Scale mail        |    36 |    15 ||    51
  Dodge: Dodged            |    21 |    16 ||    37
  Block: Buckler           |    13 |    14 ||    27

Table legend: (Time is in decaauts)
 A = Elapsed time spent in this place.
 B = Non-inter-level travel time spent in this place.
 C = Inter-level travel time spent in this place.
 D = Time resting spent in this place.
 E = Time spent auto-exploring this place.
 F = Levels seen in this place.
 G = Mean time per level.
                   A        B        C        D        E       F      G
               +--------+--------+--------+--------+--------+-----+--------+
         Total |   1794 |   1669 |    125 |      0 |   1399 |   2 |  897.0 |
       Dungeon |   1794 |   1669 |    125 |      0 |   1399 |   2 |  897.0 |
               +--------+--------+--------+--------+--------+-----+--------+

Top non-repeatable levels by time:
     D:1: 1016 daAuts
     D:2: 778 daAuts
